 Dungeon Crawl Stone Soup version 0.29-a0-323-g050149af67 (webtiles) character file.

Game seed: 7404625908751807989

32 Jortsu the Covert (level 3, -1/35 HPs)
             Began as a Gnoll Delver on Apr 10, 2022.
             Slain by a centaur zombie (4 damage)
             ... in an ossuary.
             The game lasted 00:01:20 (492 turns).

Jortsu the Covert (Gnoll Delver)                     Turns: 492, Time: 00:01:20

Health: -1/35      AC:  3    Str: 13    XL:     3   Next: 25%
Magic:  3/4        EV: 13    Int:  9    God:
Gold:   13         SH:  0    Dex: 13    Spells: 3/3 levels left

rFire   . . .      SeeInvis .   a - +0 falchion
rCold   . . .      Faith    .   (no shield)
rNeg    . . .      Spirit   .   b - +0 leather armour
rPois   .          Reflect  .   (no helmet)
rElec   .          Harm     .   (no cloak)
rCorr   .          Rampage  .   (no gloves)
Will    .....                   (no boots)
Stlth   ++++......              (no amulet)
HPRegen 0.11/turn               (no ring)
MPRegen 0.09/turn               (no ring)

@: marked
A: fangs 1, strong nose, distributed training
a: no special abilities


You were in an ossuary.
You visited 1 branch of the dungeon, and saw 1 of its levels.
You also visited: Ossuary.

You collected 13 gold pieces.

Inventory:

Hand Weapons
 a - a +0 falchion (weapon)
Armour
 b - a +0 leather armour (worn)
Wands
 g - a wand of digging (3)
Scrolls
 c - a scroll of fog
 d - a scroll of magic mapping
 e - a scroll of fear
 i - 3 scrolls of identify {unknown}
Potions
 f - a potion of haste
 h - a potion of mutation {unknown}


   Skills:
 + Level 6.5 Fighting
 + Level 0.7 Short Blades
 + Level 4.5 Long Blades
 + Level 0.7 Axes
 + Level 0.7 Maces & Flails
 + Level 0.7 Polearms
 + Level 0.7 Staves
 + Level 0.7 Slings
 + Level 0.7 Bows
 + Level 0.7 Crossbows
 + Level 0.7 Throwing
 + Level 0.7 Armour
 + Level 4.5 Dodging
 + Level 9.5 Stealth
 + Level 0.7 Shields
 + Level 0.7 Unarmed Combat
 + Level 0.7 Spellcasting
 + Level 0.5 Conjurations
 + Level 0.5 Hexes
 + Level 0.5 Summonings
 + Level 0.5 Necromancy
 + Level 0.5 Translocations
 + Level 0.5 Transmutations
 + Level 0.5 Fire Magic
 + Level 0.5 Ice Magic
 + Level 0.5 Air Magic
 + Level 0.5 Earth Magic
 + Level 0.5 Poison Magic
 + Level 0.9 Invocations
 + Level 0.7 Evocations


You had 3 spell levels left.
You didn't know any spells.
Your spell library was empty.

Dungeon Overview and Level Annotations

Branches:
Dungeon (5/15)            Ossuary (1/1)
 Temple: D:4-7

Altars:


Innate Abilities, Weirdness & Mutations

You have very sharp teeth.
Your uncanny sense of smell can sniff out nearby items.
Your experience applies equally to all skills.


Message History

The centaur zombie hits you but does no damage.
The centaur zombie kicks you but does no damage.
A mummy comes into view.
The centaur zombie hits you.
* * * LOW HITPOINT WARNING * * *
The centaur zombie misses you.
Unknown command.
The adder zombie misses you.
The centaur zombie completely misses you.
The centaur zombie kicks you.
* * * LOW HITPOINT WARNING * * *
The adder zombie attacks as you move away!
The adder zombie bites you.
* * * LOW HITPOINT WARNING * * *
The centaur zombie barely misses you. x2
Unknown command.
You hit the centaur zombie.
The centaur zombie is moderately damaged.
The centaur zombie barely misses you. The centaur zombie kicks you.
* * * LOW HITPOINT WARNING * * *
The adder zombie barely misses you.
A human zombie comes into view.
The centaur zombie completely misses you.
The centaur zombie kicks you.
* * * LOW HITPOINT WARNING * * *
The adder zombie bites you but does no damage.
You closely miss the adder zombie.
The adder zombie is almost destroyed.
The centaur zombie closely misses you. The centaur zombie barely misses you.
The kobold zombie barely misses you. The adder zombie barely misses you.
You hit the adder zombie.
You destroy the adder zombie!
The centaur zombie barely misses you.
The centaur zombie kicks you but does no damage.
The kobold zombie hits you but does no damage.
The centaur zombie barely misses you. The centaur zombie kicks you.
* * * LOW HITPOINT WARNING * * *
You barely miss the kobold zombie. The centaur zombie misses you.
The centaur zombie barely misses you. The centaur zombie hits you.
You die...

#...# #..... #...#
#...# #.... #...#
#...# #.... #...#
#...# .... #...# #...#
#.^# #...# #...# #.^#
#...# #...# #.Z# #...#
#...######M.######...#
#.....@ZZ.ZZ.........#
#.....ZZZ8Z.8........#
#.....ZZ.............#
#....................#
######################


You could see a mummy, a goblin zombie, a hobgoblin zombie, 2 kobold zombies, 3
centaur zombies and 3 human zombies.

Vanquished Creatures
  A mummy (D:5)
  An adder zombie (Ossuary)
  A goblin zombie (D:5)
  7 hobgoblin zombies (Ossuary)
  4 kobold zombies
  11 orc zombies (Ossuary)
25 creatures vanquished.

Notes
Turn   | Place    | Note
-------+----------+-------------------------------------------
     0 | D:5      | Reached skill level 9 in Stealth
     0 | D:5      | Jortsu the Gnoll Delver began the quest for the Orb.
     0 | D:5      | Reached XP level 1. HP: 23/23 MP: 1/1
    63 | D:5      | Found a sand-covered staircase.
    72 | D:5      | Reached XP level 2. HP: 11/29 MP: 2/2
   152 | Ossuary  | Entered an ossuary
   417 | Ossuary  | Reached XP level 3. HP: 34/35 MP: 3/3
   492 | Ossuary  | Slain by a centaur zombie

Illustrated notes

Levels and vault maps discovered:
D:5:      layout_basic, fiery_altar_vehumet, lemuel_zombie_altar_yredelemnul,
          gammafunk_ghost_smash, serial_shops, nicolae_shop_hallway_plus,
          nicolae_ossuary_entry_giza, grunt_decor_mini_mirrors, uniq_eustachio
Ossuary:  ossuary_tomb_1

Skill      XL: | |
---------------+-+-----
Stealth        | |  9.5
Fighting       | |  6.5
Short Blades   | |  0.7
Long Blades    | |  4.5
Axes           | |  0.7
Maces & Flails | |  0.7
Polearms       | |  0.7
Staves         | |  0.7
Slings         | |  0.7
Bows           | |  0.7
Crossbows      | |  0.7
Throwing       | |  0.7
Armour         | |  0.7
Dodging        | |  4.5
Shields        | |  0.7
Unarmed Combat | |  0.7
Spellcasting   | |  0.7
Conjurations   | |  0.5
Hexes          | |  0.5
Summonings     | |  0.5
Necromancy     | |  0.5
Translocations | |  0.5
Transmutations | |  0.5
Fire Magic     | |  0.5
Ice Magic      | |  0.5
Air Magic      | |  0.5
Earth Magic    | |  0.5
Poison Magic   | |  0.5
Invocations    | |  0.9
Evocations     | |  0.7

Action                   || total
-------------------------++-------
Melee: Falchion          ||    85
       Bite              ||     8
       Punch             ||     1
 Stab: Sleeping          ||     3
Armor: Leather armour    ||    27
Dodge: Dodged            ||    69

Table legend: (Time is in decaauts)
 A = Elapsed time spent in this place.
 B = Non-inter-level travel time spent in this place.
 C = Inter-level travel time spent in this place.
 D = Time resting spent in this place.
 E = Time spent auto-exploring this place.
 F = Levels seen in this place.
 G = Mean time per level.
                   A        B        C        D        E       F      G
               +--------+--------+--------+--------+--------+-----+--------+
         Total |    497 |    497 |      0 |    261 |      0 |   2 |  248.5 |
       Dungeon |    153 |    153 |      0 |     78 |      0 |   1 |  153.0 |
       Ossuary |    344 |    344 |      0 |    183 |      0 |   1 |  344.0 |
               +--------+--------+--------+--------+--------+-----+--------+

Top non-repeatable levels by time:
 Ossuary: 344 daAuts
     D:5: 153 daAuts
